 Dungeon Crawl Stone Soup version 0.20-a0-1117-g62da73f (webtiles) character file.

238 esteth the Insei (level 6, -2/38 HPs)
             Began as an Octopode Transmuter on May 8, 2017.
             Was a Follower of Cheibriados.
             Slain by a wight
             ... wielding a +3 morningstar
              (11 damage)
             ... on level 4 of the Dungeon on May 9, 2017.
             The game lasted 00:07:59 (4153 turns).

esteth the Insei (Octopode Transmuter)              Turns: 4153, Time: 00:08:00

Health: -2/38      AC:  2    Str: 12    XL:     6   Next: 7%
Magic:  4/9        EV: 19    Int: 20    God:    Cheibriados [*.....]
Gold:   204        SH:  0    Dex: 21    Spells: 3/9 levels left

rFire    . . .     SeeInvis .     - Unarmed
rCold    . . .     Gourm    .   (shield currently unavailable)
rNeg     . . .     Faith    .   (helmet currently unavailable)
rPois    x         Spirit   .   (no amulet)
rElec    .         Reflect  .   (no ring)
rCorr    .         Harm     .   (no ring)
MR       .....                  (no ring)
Stlth    ++........             (no ring)
Regen    0.2/turn               (no ring)
MPRegen  0.2/turn               (no ring)
                                (no ring)
                                (no ring)

@: spider-form, drained, very slow
A: almost no armour, stealthy swim, (amphibious), 8 rings, (constrict 8)
a: End Transformation, Bend Time, Renounce Religion


You were on level 4 of the Dungeon.
You worshipped Cheibriados.
Cheibriados was aware of your devotion.
You were hungry.
You were a venomous arachnid creature.
You visited 1 branch of the dungeon, and saw 4 of its levels.

You collected 204 gold pieces.

Inventory:

Missiles
 a - 32 arrows
Armour
 d - a +0 buckler (melded)
Scrolls
 e - 6 scrolls of remove curse {unknown}
 f - a scroll of amnesia {unknown}
 l - 2 scrolls of identify {unknown}
 n - a scroll of immolation {unknown}
 p - a scroll of fear {unknown}
 q - a scroll of magic mapping {unknown}
Potions
 g - a potion of brilliance
 h - 3 potions of heal wounds {unknown}
 i - 2 potions of flight {unknown}
 k - a potion of mutation {unknown}
 o - 3 potions of haste {unknown}
Books
 b - a book of Changes

   Spells                             Type                      Level
   a - Beastly Appendage              Transmutation                1
   b - Sticks to Snakes               Transmutation                2
   c - Spider Form                    Transmutation/Poison         3
   d - Ice Form                       Ice/Transmutation            4
   e - Blade Hands                    Transmutation                5
Comestibles
 c - 3 bread rations
 j - a meat ration
 m - 4 fruits
 r - a chunk of flesh


   Skills:
 - Level 1.0(0.5) Fighting
 - Level 2.0(1.5) Dodging
 + Level 4.5(4.0) Unarmed Combat
 - Level 2.0(1.5) Spellcasting
 - Level 4.1(3.6) Transmutations
 - Level 3.1(2.6) Poison Magic


You had 3 spell levels left.
You knew the following spells:

 Your Spells              Type           Power        Failure   Level  Hunger
a - Beastly Appendage     Tmut           ###...       12%         1    #......
b - Sticks to Snakes      Tmut           ###.....     16%         2    ###....
c - Spider Form           Tmut/Pois      ##........   32%         3    ###....


Dungeon Overview and Level Annotations

Branches:
Dungeon (4/15)
 Temple: D:4-7

Altars:
Cheibriados
Makhleb
Trog
Wu Jian


Innate Abilities, Weirdness & Mutations

You cannot wear most types of armour.
You are very stealthy in the water. (Stealth+)
((You are amphibious.))
You can wear up to eight rings at the same time.
((You can use your tentacles to constrict eight enemies at once.))
((Your skin changes colour to match your surroundings (Stealth+).))
((Your rubbery body absorbs attacks. (AC +1, EV +1)))


Message History

The wight misses you.
You hit the wight.
The wight is heavily damaged.
You hit the wight.
The wight is heavily damaged.
Your transformation has ended.
Your +0 buckler unmelds from your body.
The wight hits you with an enchanted morningstar!
You feel drained.
* * * LOW HITPOINT WARNING * * *
You are too injured to fight recklessly!
You are too injured to fight recklessly!
Casting: Spider Form
Confirm with . or Enter, or press ? or * to list all spells.
You turn into a venomous arachnid creature.
Your +0 buckler melds into your body.
The wight hits you with an enchanted morningstar.
* * * LOW HITPOINT WARNING * * *
The wight hits you with an enchanted morningstar!
You die...

#..........#
#.##########.# #.#
.# #.# .# #.# .#
#.# .# #.# .####..
#.##########.......
#.....sz..).....#
###############.#


You could see a wight.

Vanquished Creatures
  A wight (D:4)
  A hound (D:4)
  2 worker ants (D:4)
  4 adders (D:3)
  An ooze (D:3)
  2 worms (D:3)
  3 dart slugs
  A leopard gecko (D:1)
  An orc (D:3)
  A ball python (D:1)
  4 giant cockroaches
  7 goblins
  12 hobgoblins
  4 jackals (D:3)
  6 kobolds
  7 bats
  4 frilled lizards
  9 rats
70 creatures vanquished.

Notes
Turn   | Place    | Note
-------+----------+-------------------------------------------
     0 | D:1      | esteth the Octopode Transmuter began the quest for the Orb.
     0 | D:1      | Reached XP level 1. HP: 13/13 MP: 3/3
     0 | D:1      | Upgraded the game from 0.20-a0-1116-gaa52201 to 0.20-a0-1117-g62da73f
   423 | D:1      | Reached XP level 2. HP: 16/18 MP: 5/5
  1089 | D:1      | Reached XP level 3. HP: 17/23 MP: 6/6
  1610 | D:2      | Found a snail-covered altar of Cheibriados.
  1618 | D:2      | Became a worshipper of Cheibriados the Contemplative
  1709 | D:2      | Learned a level 2 spell: Sticks to Snakes
  1713 | D:2      | Learned a level 3 spell: Spider Form
  1730 | D:2      | Found a burning altar of Makhleb.
  2342 | D:3      | Reached * piety under Cheibriados
  2349 | D:3      | Reached XP level 4. HP: 12/28 MP: 5/7
  2623 | D:3      | Reached skill level 1 in Poison Magic
  2844 | D:3      | Found a bloodstained altar of Trog.
  3269 | D:3      | Reached XP level 5. HP: 24/33 MP: 8/8
  3579 | D:4      | Found an ornate altar of the Wu Jian Council.
  4146 | D:4      | Reached XP level 6. HP: 26/38 MP: 6/9
  4153 | D:4      | Slain by a wight

Vault maps used:
D:1:      minmay_arrival_wavy_path
D:2:      cheibriados_altar_1, lemuel_round_altar, kennysheep_boxes
D:3:      marbit_many_paths, first_bread
D:4:      okawaru_metal_pillars_1_2, kennysheep_mini_moat, lemuel_doored_altar,
          minmay_mini_ossuary, uniq_edmund

Skill      XL: |  1  2  3  4  5 |
---------------+----------------+-----
Transmutations | 3 4 |  4.1
Poison Magic   | 3 |  3.1
Unarmed Combat | 4 |  4.5
Fighting       | |  1.0
Dodging        | |  2.0
Spellcasting   | |  2.0

Action                   |  1- 3 |  4- 6 || total
-------------------------+-------+-------++-------
Melee: Unarmed           |   116 |    81 ||   197
       Constrict         |    33 |    11 ||    44
       Tentacles         |    17 |     8 ||    25
       Punch             |     1 |     3 ||     4
       Kick              |     1 |     1 ||     2
 Cast: Beastly Appendage |     1 |       ||     1
       Spider Form       |       |     6 ||     6
  Use: Potion            |     1 |     1 ||     2
 Stab: Sleeping          |     7 |       ||     7
  Eat: Chunk             |     5 |     2 ||     7
Armor: Skin              |    10 |     3 ||    13
Dodge: Dodged            |    60 |    64 ||   124
Block: Buckler           |    13 |     4 ||    17
